 Dungeon Crawl Stone Soup version 0.28-a0-724-g66f9036eb4 (webtiles) character file.

Game seed: 1044022785337584215

69950 Multipenetrator the Warrior (level 15, -2/107 HPs)
             Began as a Tengu Berserker on Oct 27, 2021.
             Was a High Priest of Trog.
             Succumbed to a redback's poison
             ... on level 3 of the Lair of Beasts.
             The game lasted 02:34:08 (20569 turns).

Multipenetrator the Warrior (Tengu Berserker)      Turns: 20569, Time: 02:34:09

Health: -2/107     AC: 24    Str: 28    XL:     15   Next: 31%
Magic:  16/16      EV: 13    Int: 10    God:    Trog [*****.]
Gold:   1665       SH:  0    Dex: 17    Spells: 14/14 levels left

rFire   + . .      SeeInvis +   a - +7 long sword of Responsibility {spect, Str+3}
rCold   + . .      Faith    .   (no shield)
rNeg    + . .      Spirit   .   V - +2 gold dragon scales of Lauhod {rPois rF+ rC+ rCorr Int+3 Dex-4}
rPois   +          Reflect  .   (helmet restricted)
rElec   +          Harm     .   D - +0 cloak
rCorr   +          Rampage  .   (no gloves)
Will    +....                   (boots unavailable)
Stlth   ..........              t - amulet of the acrobat
HPRegen 0.27/turn               M - ring of Losadwum {rElec rN+ Dex+2 SInv Stlth-}
MPRegen 0.15/turn               o - +6 ring of strength

@: confused, lethally poisoned (-2 -> -67), ambrosia-drunk, flying quickly and
evasively, quick
A: beak, talons 3, nimble flight
a: Renounce Religion, Berserk, Trog's Hand, Brothers in Arms


You were on level 3 of the Lair of Beasts.
You worshipped Trog.
Trog was extremely pleased with you.
You visited 5 branches of the dungeon, and saw 20 of its levels.
You visited the Abyss 1 time.

You collected 4757 gold pieces.
You spent 3092 gold pieces at shops.

Inventory:

Hand Weapons
 a - the +7 long sword of Responsibility (weapon) {spect, Str+3}
   (You found it on level 8 of the Dungeon)

   When its wielder attacks, the weapon's spirit leaps out and strikes again.
   The spirit shares a part of any damage it takes with its wielder.
   Str:       It affects your strength (+3).
 b - a +4 triple sword of electrocution
 s - a +3 mace of freezing
 w - a +0 shortbow
 K - a +5 quick blade of flaming
Missiles
 j - 5 throwing nets
 q - 3 silver javelins
 A - 166 arrows
 B - 52 bolts
 E - 14 curare-tipped darts (quivered)
 Q - 12 boomerangs
Armour
 D - a +0 cloak (worn)
 T - a +1 plate armour of poison resistance
 V - the +2 gold dragon scales of Lauhod (worn) {rPois rF+ rC+ rCorr Int+3 Dex-4}
   (You bought it in a shop on level 2 of the Orcish Mines)

   Int:       It affects your intelligence (+3).
   Dex:       It affects your dexterity (-4).
   rF:        It protects you from fire.
   rC:        It protects you from cold.
   rPois:     It protects you from poison.
   rCorr:     It protects you from acid and corrosion.
Jewellery
 h - a ring of protection from cold
 o - a +6 ring of strength (right hand)
 p - a ring of poison resistance
 t - an amulet of the acrobat (around neck)
 u - a ring of fire
 M - the ring of Losadwum (left hand) {rElec rN+ Dex+2 SInv Stlth-}
   (You acquired it on level 9 of the Dungeon)

   [ring of positive energy]

   Dex:       It affects your dexterity (+2).
   rElec:     It insulates you from electricity.
   rN:        It protects you from negative energy.
   SInv:      It lets you see invisible.
   Stlth:     It makes you less stealthy.
 P - a ring of protection from cold
Wands
 f - a wand of iceblast (28)
 C - a wand of polymorph (16)
 G - a wand of paralysis (7)
 I - a wand of acid (29)
 N - a wand of flame (18)
 Y - a wand of digging (5)
Scrolls
 k - 5 scrolls of enchant armour
 m - 2 scrolls of enchant weapon {unknown}
 n - 4 scrolls of fear
 r - 3 scrolls of teleportation
 v - 3 scrolls of blinking
 F - 2 scrolls of vulnerability {unknown}
 R - 2 scrolls of magic mapping
 S - a scroll of fog
 U - a scroll of brand weapon {unknown}
 Z - a scroll of summoning {unknown}
Potions
 d - 2 potions of degeneration {unknown}
 e - 3 potions of attraction
 g - a potion of cancellation {unknown}
 i - 4 potions of haste
 l - 12 potions of mutation
 x - 2 potions of heal wounds {unknown}
 y - a potion of resistance {unknown}
 z - a potion of flight {unknown}
 H - a potion of magic
 J - 2 potions of lignification {unknown}
 W - 14 potions of ambrosia
Miscellaneous
 X - a condenser vane


   Skills:
 + Level 17.6 Fighting
 - Level 3.6(9.7) Short Blades
 + Level 13.8(14.0) Long Blades
 - Level 3.0 Bows
 + Level 16.4 Armour
 + Level 11.1 Dodging
 - Level 1.2 Stealth
 - Level 0.1 Shields


You had 14 spell levels left.
You didn't know any spells.
Your spell library contained the following spells:

 Spells                   Type           Power      Damage    Failure   Level
 Sting                    Tmut/Pois      0%         1d3       99%         1
 Poisonous Vapours        Pois/Air       0%         N/A       100%        2
 Ignite Poison            Fire/Tmut/Pois 0%         N/A       100%        3
 Inner Flame              Hex/Fire       0%         N/A       100%        3
 Mephitic Cloud           Conj/Pois/Air  0%         N/A       100%        3
 Animate Armour           Summ/Erth      0%         N/A       100%        4
 Cause Fear               Hex            0%         N/A       100%        4
 Olgreb's Toxic Radiance  Pois           0%         N/A       100%        4
 Summon Ice Beast         Ice/Summ       0%         N/A       100%        4
 Blade Hands              Tmut           0%         N/A       100%        5
 Freezing Cloud           Conj/Ice/Air   0%         6-21      100%        5
 Summon Mana Viper        Hex/Summ       0%         N/A       100%        5
 Iron Shot                Conj/Erth      0%         9d1       100%        6
 Monstrous Menagerie      Summ           0%         N/A       100%        7
 Discord                  Hex            0%         N/A       100%        8


Dungeon Overview and Level Annotations

Branches:
Dungeon (10/15)            Temple (1/1) D:7            Lair (6/6) D:9
  Swamp (0/4) Lair:2       Spider (1/4) Lair:3        Slime (0/5) Lair:6
    Orc (2/2) D:10            Elf (0/3) Orc:2

Altars:
Ashenzari
Dithmenos
Elyvilon
Fedhas
Gozag
Hepliaklqana
Kikubaaqudgha
Makhleb
Nemelex Xobeh
Sif Muna
Trog
Uskayaw
Vehumet
Wu Jian
Beogh

Shops:
D:3 =   D:10 (   Orc:2 ?[([

Portals:
Abyss: D:10

Annotations:
D:10 2 transporters, Heedrag's ghost, journeyman MiFi


Innate Abilities, Weirdness & Mutations

You have a beak for a mouth.
You have claws for feet.
Your magical nature lets you fly swiftly and evasively.


Message History

You feel invigorated.
You feel extremely sick.
The redback bites you but does no damage. x2
The redback barely misses you.
You are too confused!
Okay, then.
Okay, then.
You feel better.
You feel less invigorated. The redback bites you.
* * * LOW HITPOINT WARNING * * *
The redback bites you but does no damage. x2
Your deep troll goes berserk!
The redback bites you.
* * * LOW HITPOINT WARNING * * *
The redback bites you.
* * * LOW HITPOINT WARNING * * *
You are lethally poisoned!
The redback poisons you! The redback bites you.
* * * LOW HITPOINT WARNING * * *
You are more poisoned.
The redback poisons you!
You are confused.
You feel invigorated.
* * * LOW HITPOINT WARNING * * *
You feel extremely sick. The redback barely misses you. The redback bites you.
* * * LOW HITPOINT WARNING * * *
Your deep troll bites the redback!!!
The redback dies!
Trog accepts your kill.
The redback bites you but does no damage.
You disentangle yourself.
* * * LOW HITPOINT WARNING * * *
You feel extremely sick.
Your deep troll rages.
Your deep troll is caught in a web!
The redback barely misses you.
Okay, then.
You are more confused.
You feel more invigorated.
You die...

...####...........##
..####.............#####
..# #P.................#
### #P.................#
# #P..........^......# #
#......#....)...^..#
##.....##^........##
##....##^^..^###.#
###...#^^TQ^^####
#.#...#^s^^###.### #
##.....^^^##^...P# ##
###^^...##^....## .###
#^^...........# ...#
####^^.^....^..## ..##
#..#^##...^....#
#..#######..##.........#
###.#...P##............#


You could see a redback (ally target) and a friendly deep troll (summoned,
berserk, webbed).

Vanquished Creatures
  An orc warlord (Orc:2)
  An ettin (Orc:2)
  Josephine (Lair:5)
  Harold (Lair:1)
  5 hydras
  Fannar (Lair:3)
  2 boulder beetles
  3 catoblepae
  2 two-headed ogres
  13 death yaks
  A deep troll shaman (Lair:6)
  Urug (Lair:1)
  Sonja (Lair:3)
  An orc high priest (Orc:2)
  A fire crab (Lair:5)
  2 orc sorcerers
  26 elephants
  4 black mambas
  10 cane toads
  A gargoyle (D:8)
  2 torpor snails
  A kobold demonologist (D:10)
  A rime drake (Lair:5)
  Maggie (Lair:1)
  7 komodo dragons
  Psyche (D:10)
  2 demonic crawlers (Lair:3)
  4 trolls (Orc:2)
  A jumping spider (Spider:1)
  3 meliai (Lair:5)
  A queen bee (Lair:5)
  3 tyrant leeches (Lair:2)
  2 polar bears
  4 dream sheep (Lair:5)
  30 blink frogs
  29 yaks
  3 redbacks (Lair:3)
  4 tarantellas (Lair:3)
  2 wyverns
  5 wraiths (Lair:5)
  5 basilisks
  5 wargs
  A swamp worm (Lair:2)
  14 water moccasins
  2 ice beasts
  39 orc warriors
  4 black bears
  9 ogres
  12 wolves
  A centaur (D:6)
  A phantom (D:2)
  5 kobold brigands
  15 bullfrogs
  A wyvern zombie (D:7)
  A gnoll sergeant (D:10)
  4 scorpions
  A water moccasin skeleton (D:5)
  39 killer bees
  3 howler monkeys
  6 wights (D:10)
  2 centaur zombies
  2 centaur skeletons
  15 orc priests
  4 hounds
  17 jellies
  4 iguanas
  24 orc wizards
  A killer bee zombie (D:6)
  A hound skeleton (D:4)
  3 howler monkey zombies
  7 gnolls
  An adder (D:3)
  2 white imps
  2 worms (D:2)
  2 dart slugs
  87 orcs
  7 bats
  8 endoplasms
  4 giant cockroaches
  15 goblins
  7 hobgoblins
  7 jackals
  2 quokkas
  8 ball pythons
  2 frilled lizards
  24 kobolds
  9 rats
  A bush (Lair:6)
620 creatures vanquished.

Vanquished Creatures (collateral kills)
  A hydra (Lair:5)
  A black mamba (Lair:5)
  A komodo dragon (Lair:5)
  A redback (Lair:3)
4 creatures vanquished.

Vanquished Creatures (others)
  21 fungi
  43 plants
64 creatures vanquished.

Grand Total: 688 creatures vanquished

Notes
Turn   | Place    | Note
-------+----------+-------------------------------------------
     0 | D:1      | Multipenetrator the Tengu Berserker began the quest for the
                  | Orb.
     0 | D:1      | Reached XP level 1. HP: 14/14 MP: 2/2
   144 | D:1      | Reached XP level 2. HP: 6/19 MP: 3/3
   937 | D:1      | Found a faded altar of an unknown god.
  1004 | D:1      | Reached XP level 3. HP: 23/23 MP: 4/4
  1228 | D:1      | Reached ** piety under Trog
  1886 | D:2      | Reached skill level 4 in Fighting
  1938 | D:2      | Reached XP level 4. HP: 27/29 MP: 5/5
  2091 | D:2      | Noticed a phantom
  2110 | D:2      | Killed a phantom
  2111 | D:2      | Gained mutation: Your magical nature lets you fly swiftly
                  | and evasively. [Tengu growth]
  2111 | D:2      | Reached XP level 5. HP: 34/34 MP: 6/6
  2551 | D:3      | Reached *** piety under Trog
  2624 | D:3      | Found Kaow's Jewellery Shop.
  2882 | D:4      | Found a burning altar of Makhleb.
  2885 | D:4      | Found a white marble altar of Elyvilon.
  2951 | D:4      | Reached skill level 1 in Short Blades
  2951 | D:4      | Reached XP level 6. HP: 22/40 MP: 7/7
  3135 | D:4      | Noticed a black bear
  3152 | D:4      | Killed a black bear
  3153 | D:4      | Reached skill level 5 in Fighting
  3846 | D:5      | Entered Level 5 of the Dungeon
  3872 | D:5      | Reached XP level 7. HP: 44/44 MP: 8/8
  3875 | D:5      | Reached skill level 5 in Armour
  4489 | D:5      | Reached XP level 8. HP: 26/51 MP: 9/9
  4661 | D:5      | Found a broken altar of Ashenzari.
  4662 | D:5      | Found a radiant altar of Vehumet.
  5076 | D:5      | Reached **** piety under Trog
  5205 | D:5      | Reached skill level 6 in Fighting
  5367 | D:6      | Reached skill level 5 in Dodging
  5367 | D:6      | Reached skill level 1 in Stealth
  6168 | D:6      | Reached XP level 9. HP: 53/56 MP: 10/10
  6715 | D:7      | Found a staircase to the Ecumenical Temple.
  6729 | D:7      | Reached skill level 1 in Bows
  6735 | Temple   | Entered the Ecumenical Temple
  6967 | D:7      | Reached skill level 7 in Fighting
  7146 | D:8      | Noticed a gargoyle
  7224 | D:8      | Killed a gargoyle
  7404 | D:8      | Noticed a two-headed ogre
  7418 | D:8      | Killed a two-headed ogre
  7419 | D:8      | Reached skill level 8 in Fighting
  7419 | D:8      | Reached XP level 10. HP: 41/65 MP: 11/11
  7676 | D:8      | Identified the +7 long sword of Responsibility {spect,
                  | Str+3}
  7862 | D:8      | Reached skill level 5 in Long Blades
  8679 | D:9      | Found a staircase to the Lair.
  8679 | D:9      | Noticed a death yak
  8679 | D:9      | Noticed a death yak
  8708 | D:10     | Entered Level 10 of the Dungeon
  8722 | D:9      | Killed a death yak
  8723 | D:9      | Reached skill level 9 in Fighting
  8727 | D:9      | Killed a death yak
  8728 | D:9      | Reached skill level 10 in Armour
  8868 | D:9      | Found a shadowy altar of Dithmenos.
  8869 | D:9      | Noticed a two-headed ogre
  8872 | D:9      | Killed a two-headed ogre
  8873 | D:9      | Reached XP level 11. HP: 71/71 MP: 12/12
  8961 | D:9      | Identified 5 scrolls of acquirement
  8961 | D:9      | Acquired the ring of Losadwum {rElec rN+ Dex+2 SInv Stlth-}
  9030 | D:9      | Reached ***** piety under Trog
  9112 | D:9      | Found a faded altar of an unknown god.
  9112 | D:9      | Found a hazy altar of Hepliaklqana.
  9113 | D:9      | Found a faded altar of an unknown god.
  9283 | D:9      | Noticed a death yak
  9303 | D:9      | Killed a death yak
  9580 | D:10     | Found a staircase to the Orcish Mines.
  9582 | D:10     | Found Poarharghu's Weapon Emporium.
  9736 | D:10     | Reached skill level 10 in Long Blades
  9814 | D:10     | Found a one-way gate to the infinite horrors of the Abyss.
  9814 | D:10     | Noticed Heedrag's ghost (journeyman MiFi)
  9815 | D:10     | Found a transporter.
  9868 | Orc:1    | Entered Level 1 of the Orcish Mines
  9868 | Orc:1    | Noticed an orc sorcerer
  9872 | Orc:1    | Killed an orc sorcerer
  9886 | Orc:1    | Received a gift from Trog
 10133 | Orc:2    | Entered Level 2 of the Orcish Mines
 10309 | Orc:2    | Reached skill level 10 in Fighting
 10321 | Orc:2    | Noticed an orc sorcerer
 10328 | Orc:2    | Killed an orc sorcerer
 10333 | Orc:2    | Reached XP level 12. HP: 77/77 MP: 13/13
 10334 | Orc:2    | Found Ickil's Magic Scroll Emporium.
 10339 | Orc:2    | Bought a scroll of fog for 26 gold pieces
 10339 | Orc:2    | Bought a scroll of identify for 26 gold pieces
 10339 | Orc:2    | Bought a scroll of identify for 26 gold pieces
 10339 | Orc:2    | Bought a scroll of teleportation for 39 gold pieces
 10539 | Orc:2    | Found Fiemur's Armour Boutique.
 10811 | Orc:2    | Noticed an ettin
 10818 | Orc:2    | Killed an ettin
 10822 | Orc:2    | Received a gift from Trog
 10906 | Orc:2    | Found a staircase to the Elven Halls.
 11211 | Orc:2    | Noticed an orc high priest
 11216 | Orc:2    | Noticed an orc warlord
 11222 | Orc:2    | Killed an orc warlord
 11225 | Orc:2    | Killed an orc high priest
 11796 | Orc:2    | Found Xutassep's Antique Weapon Boutique.
 11800 | Orc:2    | Found Opsaos's Antique Armour Shop.
 11822 | Orc:2    | Acquired a manual of Fighting
 11826 | Orc:2    | Acquired 1339 gold pieces
 11828 | Orc:2    | Acquired 1004 gold pieces
 11833 | Orc:2    | Bought fine gold dragon scales for 2975 gold pieces
 11833 | Orc:2    | Identified the +2 gold dragon scales of Lauhod {rPois rF+
                  | rC+ rCorr Int+3 Dex-4} (You bought it in a shop on level 2
                  | of the Orcish Mines)
 11856 | Orc:2    | Acquired 771 gold pieces
 12446 | D:10     | Noticed Psyche
 12449 | D:10     | Killed Psyche
 12451 | D:10     | Reached skill level 11 in Fighting
 12509 | D:10     | Found a transporter.
 12550 | Lair:1   | Entered Level 1 of the Lair of Beasts
 12557 | Lair:1   | Noticed Urug
 12572 | Lair:1   | Killed Urug
 12938 | Lair:1   | Noticed Maggie
 12953 | Lair:1   | Killed Maggie
 12996 | Lair:1   | Noticed a four-headed hydra
 13004 | Lair:1   | Killed a four-headed hydra
 13250 | Lair:1   | Reached skill level 12 in Fighting
 13250 | Lair:1   | Noticed Harold
 13253 | Lair:1   | Reached ****** piety under Trog
 13256 | Lair:1   | Reached XP level 13. HP: 86/86 MP: 14/14
 13289 | Lair:1   | Killed Harold
 13511 | Lair:1   | Received a gift from Trog
 13910 | Lair:2   | HP: 1/130 [blink frog (7)]
 13927 | Lair:2   | HP: 2/87 [blink frog (11)]
 13972 | Lair:2   | Reached skill level 13 in Fighting
 14383 | Lair:2   | Found a staircase to the Swamp.
 15150 | Lair:3   | Noticed Fannar
 15161 | Lair:3   | Killed Fannar
 15249 | Lair:3   | Found a hole to the Spider Nest.
 15374 | Lair:3   | Found a runed translucent door.
 15546 | Lair:4   | Reached skill level 14 in Fighting
 16051 | Lair:4   | You are sucked into a shaft and drop 2 floors!
 16051 | Lair:6   | Entered Level 6 of the Lair of Beasts
 16163 | Lair:6   | Received a gift from Trog
 16264 | Lair:6   | Reached XP level 14. HP: 96/96 MP: 15/15
 16312 | Lair:5   | Reached skill level 15 in Fighting
 16556 | Lair:5   | Reached skill level 15 in Armour
 17339 | Lair:5   | Reached skill level 10 in Dodging
 17341 | Lair:5   | Reached skill level 16 in Fighting
 17784 | Lair:5   | Noticed Josephine
 17790 | Lair:5   | Killed Josephine
 18189 | Lair:6   | Found a staircase to the Slime Pits.
 18445 | Lair:6   | Received a gift from Trog
 18449 | Lair:6   | Reached skill level 17 in Fighting
 18743 | Lair:6   | Reached XP level 15. HP: 90/107 MP: 16/16
 19653 | Lair:3   | Noticed Sonja
 19660 | Lair:3   | Cast into level 1 of the Abyss (Sonja)
 19661 | Abyss:1  | Acquired a +4 triple sword of electrocution
 19717 | Lair:3   | Escaped the Abyss
 19722 | Lair:3   | Killed Sonja
 20183 | Spider:1 | Entered Level 1 of the Spider Nest
 20569 | Lair:3   | Succumbed to a redback's poison

Illustrated notes

Levels and vault maps discovered:
D:1:      minmay_arrival_split_and_join, layout_basic, basic_ecumenical_altar,
          hangedman_decor_diamond_cutter
D:2:      layout_loops_cross, minivault_4, minmay_3d_cube
D:3:      layout_basic, serial_shops, shop
D:4:      layout_cave_pods, lemuel_crystal_altar, elyvilon_altar_4
D:5:      layout_basic, chequers_temple_overflow_statue_of_worship, minivault_19
D:6:      layout_basic, corexii_item_surrounded_by_moat
D:7:      layout_basic, minmay_temple_entry_wispy, hex_tiny,
          chequers_serial_rivers_marsh
D:8:      layout_basic, grunt_ministairs_9
D:9:      layout_small_grid, nicolae_hepliaklqana_ecumenical_no_more,
          grunt_dithmenos_smoke_and_mirrors, dpeg_lair_monsters
D:10:     layout_rooms, orc_david_3, gammafunk_ghost_abyssal_escape,
          uniq_psyche, uniq_grum
Temple:   eino_temple_rhombus
Lair:1:   layout_long_grid, chequers_serial_rivers_small_a, uniq_maggie,
          uniq_harold, uniq_urug
Lair:2:   layout_loops_ring, minmay_swamp_entry_worms, lemuel_fruit_fields
Lair:3:   layout_cave_pods, spider_nest_entry_webs, pf_torpor_hydra,
          infiniplex_staircase_pool, uniq_fannar, uniq_sonja
Lair:4:   layout_roguey, lemuel_old_faithful, grunt_megastairs_2
Lair:5:   layout_roguey [special_room_bee], hangedman_lair_generics_rect,
          uniq_josephine
Lair:6:   grunt_lair_end_beastmaster, layout_concentric_octagons,
          minmay_slime_entry_jelly_boxes, chequers_serial_rivers_micro_e,
          st_stairs_3, minivault_25, minivault_19
Spider:1: layout_spider_delve, nicolae_spider_shape
Orc:1:    layout_caves, minmay_orc_temple_a
Orc:2:    grunt_orc_community_town_hall, layout_diamond_mine,
          grunt_orc_community_big_house_2, grunt_orc_community_big_house_1,
          grunt_orc_community_house_2, grunt_orc_community_house_2,
          grunt_orc_community_house_3, grunt_orc_community_house_1,
          grunt_orc_community_house_2, grunt_orc_community_house_1, basic_altar

Skill      XL: |  1  2  3  4  5  6  7  8  9 10 11 12 13 14 15 |
---------------+----------------------------------------------+-----
Fighting       | 4 5 6 8 9 10 12 14 17 | 17.6
Armour         | 3 4 6 8 9 10 11 14 16 | 16.4
Dodging        | 3 4 5 7 8 9 10 11 | 11.1
Short Blades   | 1 2 3 |  3.6
Stealth        | 1 |  1.2
Bows           | 3 |  3.0
Long Blades    | 7 11 13 | 13.8
Shields        | |  0.1

Action                   |  1- 3 |  4- 6 |  7- 9 | 10-12 | 13-15 || total
-------------------------+-------+-------+-------+-------+-------++-------
Melee: Falchion          |   111 |    32 |   160 |     5 |       ||   308
       Kick              |    19 |    26 |    76 |   166 |   300 ||   587
       Peck              |    15 |    20 |    56 |   112 |   164 ||   367
       Dagger            |       |    72 |    44 |       |       ||   116
       Long sword        |       |       |       |   381 |   513 ||   894
       Great sword       |       |       |       |    24 |       ||    24
       Mace              |       |       |       |     4 |    11 ||    15
       Quick blade       |       |       |       |       |    18 ||    18
 Fire: Shortbow          |       |       |    25 |    21 |     3 ||    49
Throw: Dart              |       |       |     4 |     3 |    11 ||    18
       Throwing net      |       |       |       |       |     1 ||     1
Invok: Berserk           |     1 |     4 |     6 |    11 |     7 ||    29
       Trog's Hand       |       |       |     2 |     1 |     3 ||     6
       Brothers in Arms  |       |       |       |       |     2 ||     2
Evoke: Wand              |       |       |       |       |     2 ||     2
  Use: Potion            |       |       |     1 |     3 |    11 ||    15
       Scroll            |       |       |       |    12 |     5 ||    17
 Stab: Distracted        |       |       |       |     3 |     6 ||     9
       Held in net/web   |       |       |       |       |     1 ||     1
Armor: Animal skin       |     3 |       |       |       |       ||     3
       Scale mail        |    29 |    30 |    41 |    29 |       ||   129
       Plate armour      |       |       |       |    28 |    45 ||    73
       Gold dragon scale |       |       |       |       |   193 ||   193
Dodge: Dodged            |    46 |    56 |   168 |   305 |   307 ||   882
Block: Buckler           |       |       |     1 |     6 |       ||     7

Table legend: (Time is in decaauts)
 A = Elapsed time spent in this place.
 B = Non-inter-level travel time spent in this place.
 C = Inter-level travel time spent in this place.
 D = Time resting spent in this place.
 E = Time spent auto-exploring this place.
 F = Levels seen in this place.
 G = Mean time per level.
                   A        B        C        D        E       F      G
               +--------+--------+--------+--------+--------+-----+--------+
         Total |  19510 |  18931 |    579 |   3259 |  10692 |  21 |  929.0 |
       Dungeon |   9685 |   9446 |    239 |   1582 |   5650 |  10 |  968.5 |
        Temple |     41 |     30 |     11 |      0 |     23 |   1 |   41.0 |
          Lair |   7403 |   7187 |    216 |   1116 |   4376 |   6 | 1233.8 |
   Spider Nest |     15 |     15 |      0 |      0 |      0 |   1 |   15.0 |
  Orcish Mines |   2313 |   2202 |    111 |    560 |    643 |   2 | 1156.5 |
         Abyss |     50 |     50 |      0 |      0 |      0 |   1 |   50.0 |
               +--------+--------+--------+--------+--------+-----+--------+

Top non-repeatable levels by time:
   Orc:2: 1914 daAuts
     D:1: 1521 daAuts
  Lair:6: 1473 daAuts
  Lair:3: 1400 daAuts
     D:5: 1400 daAuts
  Lair:5: 1320 daAuts
     D:8: 1315 daAuts
  Lair:2: 1147 daAuts
  Lair:1: 1056 daAuts
  Lair:4: 1004 daAuts
     D:2: 945 daAuts
     D:6: 942 daAuts
     D:9: 932 daAuts
     D:4: 921 daAuts
     D:7: 801 daAuts
